 Dungeon Crawl Stone Soup version 0.27-a0-920-gb2bd10914a (webtiles) character file.

Game seed: 18088783173466351966

21198 leviel the Fighter (level 12, -6/113 HPs)
             Began as a Minotaur Fighter on Apr 10, 2021.
             Was an Elder of Zin.
             Killed by divine providence
             ... invoked by an orc high priest
              (13 damage)
             ... on level 2 of the Orcish Mines.
             The game lasted 00:28:39 (17646 turns).

leviel the Fighter (Minotaur Fighter)              Turns: 17646, Time: 00:28:40

Health: -6/113     AC: 24    Str: 27      XL:     12   Next: 52%
Magic:  18/18      EV: 10    Int:  7 (9)  God:    Zin [****..]
Gold:   503        SH: 13    Dex: 17      Spells: 11/11 levels left

rFire    + . .     SeeInvis .   a - +4 long sword (spect)
rCold    + + +     Faith    .   c - +1 kite shield
rNeg     . . .     Spirit   .   l - +4 plate armour {rPois}
rPois    ∞         Reflect  .   (helmet restricted)
rElec    .         Harm     .   A - scarf {+Inv}
rCorr    .         Rampage  .   (no gloves)
Will     +....                  d - +2 pair of boots
Stlth    ..........             (no amulet)
HPRegen  0.28/turn              n - +4 ring of protection
MPRegen  0.16/turn              i - ring "Goricuyr" {rF+ rC+}

@: vitalised, silenced
A: horns 2, retaliatory headbutt, cold resistance 2, strong-willed 1
a: Renounce Religion, Evoke Invisibility


You were on level 2 of the Orcish Mines.
You worshipped Zin.
Zin was greatly pleased with you.
You visited 4 branches of the dungeon, and saw 16 of its levels.

You collected 833 gold pieces.
You donated 330 gold pieces to Zin.

Inventory:

Hand Weapons
 a - a +4 spectral long sword (weapon)
 t - a +2 morningstar of holy wrath
 y - a +3 trident of freezing
Missiles
 m - 20 poisoned darts (quivered)
 x - 2 throwing nets
Armour
 c - a +1 kite shield (worn)
 d - a +2 pair of boots (worn)
 l - a +4 plate armour of poison resistance (worn)
 A - a scarf of invisibility (worn)
Jewellery
 e - a ring of protection from fire
 g - a +6 ring of strength
 h - a ring of resist corrosion
 i - the ring "Goricuyr" (right hand) {rF+ rC+}
   (You found it on level 9 of the Dungeon)

   [ring of protection from cold]

   It protects you from fire.
   It protects you from cold.
 n - a +4 ring of protection (left hand)
 q - an amulet of guardian spirit
 w - a ring of protection from cold
Wands
 j - a wand of digging (4)
 k - a wand of flame (39)
 s - a wand of mindburst (18)
 v - a wand of acid (4)
 z - a wand of charming (2)
Scrolls
 f - 4 scrolls of teleportation
 p - 5 scrolls of identify
Potions
 o - a potion of attraction


   Skills:
 * Level 12.6 Fighting
 + Level 7.1 Long Blades
 - Level 5.0 Throwing
 + Level 8.0 Armour
 + Level 9.2 Dodging
 - Level 0.1 Stealth
 + Level 8.0 Shields
 - Level 10.0 Invocations
 - Level 6.0 Evocations


You had 11 spell levels left.
You didn't know any spells.
Your spell library contained the following spells:

 Spells                   Type           Power      Damage    Failure   Level
 Animate Skeleton         Necr           0%         N/A       100%        1
 Beastly Appendage        Tmut           0%         N/A       100%        1
 Magic Dart               Conj           0%         1d3       100%        1
 Pain                     Necr           0%         1d4       100%        1
 Sandblast                Erth           0%         2d4       100%        1
 Blink                    Tloc           N/A        N/A       100%        2
 Call Imp                 Summ           0%         N/A       100%        2
 Passwall                 Tmut/Erth      0%         N/A       100%        2
 Slow                     Hex            0%         N/A       100%        2
 Wereblood                Tmut           0%         N/A       100%        2
 Conjure Flame            Conj/Fire      0%         6-21      100%        3
 Mephitic Cloud           Conj/Pois/Air  0%         N/A       100%        3
 Stone Arrow              Conj/Erth      0%         3d7       100%        3
 Vampiric Draining        Necr           0%         2d6       100%        3
 Animate Dead             Necr           0%         N/A       100%        4
 Petrify                  Tmut/Erth      0%         N/A       100%        4
 Agony                    Necr           0%         N/A       100%        5
 Alistair's Intoxication  Tmut/Pois      0%         N/A       100%        5
 Lee's Rapid Deconstruct  Erth           0%         3d5*      100%        5
 Blade Hands              Tmut           0%         N/A       100%        6
 Statue Form              Tmut/Erth      0%         N/A       100%        6


Dungeon Overview and Level Annotations

Branches:
Dungeon (12/15)            Temple (1/1) D:7            Lair (1/6) D:10
    Orc (2/2) D:11            Elf (0/3) Orc:2

Altars:
Ashenzari
Cheibriados
Dithmenos
Elyvilon
Fedhas
Gozag
Hepliaklqana
Kikubaaqudgha
Makhleb
Nemelex Xobeh
Okawaru
Qazlal
Ru
Sif Muna
Trog
Uskayaw
Vehumet
Wu Jian
Xom
Yredelemnul
Zin
The Shining One

Portals:
Trove: D:12 (give 2 scrolls of acquirement)


Innate Abilities, Weirdness & Mutations

You have a pair of horns on your head.
You reflexively headbutt those who attack you in melee.
Your flesh is very cold resistant. (rC++)
You are strong-willed. (Will+)


Message History

You slash the orc sorcerer!
You kill the orc sorcerer!
The smoke demon disappears in a puff of smoke!
You hear a shout! x3
The orc warrior hits you with a +0 scimitar.
* * * LOW HITPOINT WARNING * * *
You block the orc warrior's attack.
An orc warrior comes into view. It is wielding a +0 war axe.
The orc high priest calls upon Beogh to heal something.
You block the orc warrior's attack.
Your Armour skill increases to level 8!
Your Shields skill increases to level 8!
As you read the scroll of fear, it crumbles to dust.
You assume a fearsome visage.
The orc warrior looks frightened! x2
The orc looks frightened!
The orc high priest resists with almost no effort.
The orc warrior looks frightened!
The orc high priest mumbles some strange prayers to Beogh.
Things that are here:
a +0 morningstar; a +0 short sword; an orc corpse
Items here: )) [[ †.
You block the sixfirhy's attack.
The sixfirhy hits you but does no damage.
The sixfirhy hits you.
* * * LOW HITPOINT WARNING * * *
The sixfirhy shocks you!
* * * LOW HITPOINT WARNING * * *
The sixfirhy hits you but does no damage.
The sixfirhy hits you but does no damage. x2
The sixfirhy hits you.
* * * LOW HITPOINT WARNING * * *
The sixfirhy shocks you!
* * * LOW HITPOINT WARNING * * *
You block the sixfirhy's attack.
As you read the scroll of silence, it crumbles to dust.
A profound silence engulfs you.
The sixfirhy hits you but does no damage. x2
The orc high priest calls down the wrath of Beogh upon you.
Beogh smites you!
You die...

##....## ###...## ##
##.....o## #......## #.
#........### ##.......# ##.
#.........#.# #........###..
#...........###.............
#............#...#.#........
#.....#..........###........
....####...3....#####.....<.
......####..@....#.###.......
.......#...........##........
.............#...........#..
#...........##..........###.
#.......####.#.......###..
##......# ####...#####...
####......#######..## #...
..#....))<...##......# ##.#
.......)))...........# #.#


You could see an orc high priest and a sixfirhy (summoned).

Vanquished Creatures
  An orc warlord (Orc:1)
  2 boulder beetles
  A catoblepas (Lair:1)
  2 two-headed ogres (D:11)
  The ghost of Zeld the Cleaver, a novice HOFi of Makhleb (D:9)
  An orc knight (Orc:2)
  An ugly thing (D:12)
  An orc sorcerer (Orc:2)
  A cyclops (D:11)
  A black mamba (Lair:1)
  An unseen horror (D:12)
  2 cane toads (Lair:1)
  A komodo dragon (D:10)
  Psyche (D:10)
  A troll (D:9)
  Sigmund (D:4)
  A meliai zombie (D:11)
  A shadow (D:10)
  2 wyverns
  A wraith (D:11)
  17 yaks
  A basilisk (Lair:1)
  12 vampire mosquitoes
  Edmund (D:4)
  Menkaure (D:6)
  3 wargs (D:11)
  An acid dragon (D:10)
  5 water moccasins
  6 ice beasts
  4 black bears
  12 orc warriors
  A sky beast (D:6)
  3 necrophages
  3 ogres
  4 centaurs
  2 gnoll sergeants
  15 bullfrogs
  A wyvern skeleton (D:6)
  7 killer bees
  8 wights
  2 howler monkeys
  4 centaur zombies
  A hound (D:6)
  9 orc priests
  A jelly (D:5)
  A bullfrog skeleton (D:7)
  2 gnoll shamans
  A centaur skeleton (D:7)
  3 iguanas
  12 orc wizards
  A scorpion zombie (D:5)
  A hound zombie (D:5)
  8 adders
  16 gnolls
  A shadow imp (D:7)
  A white imp (D:8)
  A worm (D:2)
  A dart slug (D:2)
  31 orcs
  6 ball pythons
  5 bats
  10 endoplasms
  5 giant cockroaches
  8 goblins
  8 hobgoblins
  9 jackals
  7 quokkas
  5 frilled lizards
  4 kobolds
  6 rats
301 creatures vanquished.

Vanquished Creatures (others)
  A wizard (D:9)
  A yak (D:12)
  6 fungi (D:5)
  9 plants (D:10)
17 creatures vanquished.

Grand Total: 318 creatures vanquished

Notes
Turn   | Place    | Note
-------+----------+-------------------------------------------
     0 | D:1      | leviel the Minotaur Fighter began the quest for the Orb.
     0 | D:1      | Reached XP level 1. HP: 19/19 MP: 0/0
   172 | D:1      | Reached XP level 2. HP: 23/27 MP: 1/1
  1070 | D:2      | Reached XP level 3. HP: 31/33 MP: 2/2
  1073 | D:2      | Reached skill level 4 in Fighting
  1506 | D:2      | Reached XP level 4. HP: 40/40 MP: 3/3
  1565 | D:2      | Found a faded altar of an unknown god.
  2996 | D:4      | Noticed a black bear
  3004 | D:4      | Killed a black bear
  3005 | D:4      | Reached skill level 5 in Armour
  3005 | D:4      | Reached skill level 5 in Shields
  3005 | D:4      | Reached XP level 5. HP: 23/47 MP: 4/4
  3264 | D:4      | Noticed Edmund
  3272 | D:4      | Killed Edmund
  3273 | D:4      | Reached skill level 5 in Fighting
  3273 | D:4      | Reached XP level 6. HP: 42/56 MP: 5/5
  3475 | D:4      | Noticed Sigmund
  3537 | D:4      | Gained mutation: You are strong-willed. (Will+) [potion of
                  | mutation]
  3537 | D:4      | Gained mutation: Your flesh is cold resistant. (rC+)
                  | [potion of mutation]
  3537 | D:4      | Gained mutation: Your flesh is very cold resistant. (rC++)
                  | [potion of mutation]
  4023 | D:4      | Reached XP level 7. HP: 56/61 MP: 6/6
  4098 | D:4      | Killed Sigmund
  4099 | D:4      | Reached skill level 5 in Long Blades
  4242 | D:5      | Entered Level 5 of the Dungeon
  4253 | D:5      | Reached skill level 6 in Fighting
  5225 | D:5      | Reached XP level 8. HP: 70/71 MP: 7/7
  5335 | D:6      | Reached skill level 1 in Dodging
  5469 | D:6      | Reached skill level 7 in Fighting
  5508 | D:6      | Noticed Menkaure
  5512 | D:6      | Killed Menkaure
  5714 | D:6      | Reached skill level 8 in Fighting
  6020 | D:6      | Identified the Incunabulum of Moulding
  6055 | D:6      | Reached skill level 5 in Dodging
  6062 | D:6      | Reached skill level 9 in Fighting
  6062 | D:6      | Reached XP level 9. HP: 71/83 MP: 8/8
  6571 | D:7      | Found a staircase to the Ecumenical Temple.
  6585 | Temple   | Entered the Ecumenical Temple
  6793 | Temple   | Became a worshipper of Zin the Law-Giver
  6793 | Temple   | Reached * piety under Zin
  6802 | Temple   | Donated 92 gold pieces to Zin
  6847 | D:7      | Reached skill level 10 in Fighting
  7688 | D:7      | Reached skill level 11 in Fighting
  8343 | D:8      | Reached ** piety under Zin
  8408 | D:8      | Reached XP level 10. HP: 87/96 MP: 9/9
  8598 | D:8      | Reached skill level 1 in Invocations
  9377 | D:9      | Reached skill level 5 in Invocations
  9744 | D:9      | Reached *** piety under Zin
  9791 | D:9      | Found a large runed translucent door.
  9792 | D:9      | Found a large runed translucent door.
  9794 | D:9      | Noticed Zeld's ghost (novice HOFi)
 10111 | D:9      | Found a bloodstained altar of Trog.
 10113 | D:9      | Noticed a wizard
 10118 | D:9      | Killed a wizard
 10364 | D:9      | Killed Zeld's ghost
 10369 | D:9      | Identified the ring "Goricuyr" {rF+ rC+}
 10447 | D:10     | Entered Level 10 of the Dungeon
 10485 | D:10     | Reached **** piety under Zin
 10492 | D:10     | Donated 155 gold pieces to Zin
 10689 | D:10     | Noticed Psyche
 10696 | D:10     | Killed Psyche
 10703 | D:10     | Identified the +2 robe of Tempters {rF+ Dex+2}
 11178 | D:10     | Reached XP level 11. HP: 100/102 MP: 16/16
 11189 | D:10     | Found a staircase to the Lair.
 11526 | D:11     | Noticed a boulder beetle
 11554 | D:11     | Killed a boulder beetle
 11731 | D:11     | Noticed a two-headed ogre
 11763 | D:11     | Killed a two-headed ogre
 11764 | D:11     | Reached skill level 10 in Invocations
 11764 | D:11     | Reached skill level 1 in Evocations
 12034 | D:11     | Found an iron altar of Okawaru.
 12434 | D:11     | Reached skill level 1 in Throwing
 12984 | D:11     | Identified the +4 quarterstaff of the Sugar Beet {venom,
                  | +Blink Fly rPois}
 13534 | D:11     | Found a staircase to the Orcish Mines.
 13636 | D:12     | Noticed a two-headed ogre
 13674 | D:12     | Noticed a boulder beetle
 13683 | D:11     | Killed a two-headed ogre
 13684 | D:11     | Reached skill level 5 in Evocations
 13884 | D:12     | Killed a boulder beetle
 13885 | D:12     | Reached skill level 5 in Throwing
 14443 | D:12     | Noticed a purple ugly thing
 14479 | D:12     | Killed a purple ugly thing
 15169 | D:12     | Reached XP level 12. HP: 100/111 MP: 18/18
 15268 | D:12     | Found a portal to a secret trove of treasure.
 15469 | Lair:1   | Entered Level 1 of the Lair of Beasts
 15754 | Lair:1   | Noticed a catoblepas
 15763 | Lair:1   | Killed a catoblepas
 16354 | Lair:1   | Reached skill level 12 in Fighting
 16388 | Lair:1   | Noticed a five-headed hydra
 16661 | Orc:1    | Entered Level 1 of the Orcish Mines
 16675 | Orc:1    | Noticed an orc warlord
 16853 | Orc:1    | Killed an orc warlord
 16890 | Orc:2    | Entered Level 2 of the Orcish Mines
 17523 | Orc:2    | Found a staircase to the Elven Halls.
 17619 | Orc:2    | Paralysed by an orc sorcerer for 6 turns
 17628 | Orc:2    | Noticed an orc high priest
 17646 | Orc:2    | Killed from afar by an orc high priest

Illustrated notes

Levels and vault maps discovered:
D:1:      amcnicky_arrival_wind_blow, layout_loops_corners, minmay_hexomino_p4
D:2:      layout_loops_corners, hellmonk_ecumenical_altar_zigzags, serial_glass,
          glass_columns_b, glass_columns_b
D:3:      layout_loops_cross
D:4:      layout_basic, moated_statue, uniq_edmund, uniq_sigmund
D:5:      layout_basic, serial_aquarium, aquarium_bridge_square
          [aquarium_subvault_window, aquarium_subvault_bridge,
          aquarium_subvault_bridge, aquarium_subvault_window],
          aquarium_window_1, aquarium_window_1, aquarium_window_fake,
          aquarium_view_2c, aquarium_view_2b
D:6:      layout_loops_ring, uniq_menkaure
D:7:      minmay_general_purpose_star, layout_cave_pods,
          minmay_temple_entry_junction
D:8:      layout_basic
D:9:      layout_basic, trog_wizard, ebering_ghost_disaster_area
D:10:     layout_stronghold, david_lair_shrubbed, uniq_psyche
D:11:     layout_irregular_city, david_orc_1_choice, kennysheep_okawaru_gauntlet
D:12:     layout_basic, enter_trove_1, minmay_misc_feat_columns
Temple:   kilobyte_greek_temple
Lair:1:   layout_regular_city, chequers_serial_rivers_room_a,
          nicolae_lair_grove_arrangements, chequers_serial_rivers_micro_d
Orc:1:    layout_caves
Orc:2:    grunt_orc_tribal_feast, layout_diamond_mine, enter_volcano_3

Skill      XL: |  1  2  3  4  5  6  7  8  9 10 11 12 |
---------------+-------------------------------------+-----
Armour         | 4 5 6 7 8 |  8.0
Shields        | 4 5 6 7 8 |  8.0
Fighting       | 4 5 6 9 11 12 | 12.6
Long Blades    | 3 4 5 6 7 |  7.1
Dodging        | 5 8 9 |  9.2
Invocations    | 9 10 | 10.0
Evocations     | 5 6 |  6.0
Throwing       | 5 |  5.0
Stealth        | |  0.1

Action                   |  1- 3 |  4- 6 |  7- 9 | 10-12 || total
-------------------------+-------+-------+-------+-------++-------
Melee: Long sword        |    85 |    98 |   270 |   467 ||   920
       Headbutt          |    11 |    24 |    71 |   145 ||   251
Throw: Dart              |       |       |     3 |    13 ||    16
Invok: Donate Gold       |       |       |     1 |     1 ||     2
       Recite            |       |       |       |     3 ||     3
       Imprison          |       |       |       |     2 ||     2
       Vitalisation      |       |       |       |     3 ||     3
Evoke: Wand              |       |       |       |     3 ||     3
  Use: Potion            |       |     3 |       |    11 ||    14
       Scroll            |       |     4 |       |    18 ||    22
 Stab: Petrified         |       |       |       |     3 ||     3
Armor: Scale mail        |    32 |    40 |   128 |   173 ||   373
       Plate armour      |       |       |       |    61 ||    61
Dodge: Dodged            |    26 |    30 |    98 |   200 ||   354
Block: Kite shield       |    50 |    55 |   166 |   319 ||   590
       Rpst.: Long sword |     5 |     7 |    28 |    45 ||    85

Table legend: (Time is in decaauts)
 A = Elapsed time spent in this place.
 B = Non-inter-level travel time spent in this place.
 C = Inter-level travel time spent in this place.
 D = Time resting spent in this place.
 E = Time spent auto-exploring this place.
 F = Levels seen in this place.
 G = Mean time per level.
                   A        B        C        D        E       F      G
               +--------+--------+--------+--------+--------+-----+--------+
         Total |  17941 |  17190 |    751 |   4538 |  10224 |  16 | 1121.3 |
       Dungeon |  16142 |  15411 |    731 |   4008 |   9396 |  12 | 1345.2 |
        Temple |    243 |    224 |     19 |      0 |    188 |   1 |  243.0 |
          Lair |    992 |    992 |      0 |    504 |    348 |   1 |  992.0 |
  Orcish Mines |    563 |    563 |      0 |     26 |    292 |   2 |  281.5 |
               +--------+--------+--------+--------+--------+-----+--------+

Top non-repeatable levels by time:
    D:11: 2947 daAuts
    D:12: 1555 daAuts
     D:7: 1497 daAuts
     D:4: 1497 daAuts
    D:10: 1245 daAuts
     D:6: 1195 daAuts
     D:9: 1155 daAuts
     D:8: 1117 daAuts
     D:5: 1101 daAuts
     D:1: 1083 daAuts
  Lair:1: 992 daAuts
     D:2: 941 daAuts
     D:3: 805 daAuts
   Orc:2: 282 daAuts
   Orc:1: 280 daAuts
